 Dungeon Crawl Stone Soup version 0.31.0-12-g77e489cdc1 (webtiles) character file.

Game seed: 894365954538968188

63 Gadfly the Trooper (level 4, -1/49 HPs)
             Began as an Oni Berserker on Feb 23, 2024.
             Was a Believer of Trog.
             Succumbed to a scorpion's poison
             ... on level 3 of the Dungeon.
             The game lasted 00:02:45 (1466 turns).

Gadfly the Trooper (Oni Berserker)                  Turns: 1466, Time: 00:02:46

Health: -1/49      AC:  5    Str: 21    XL:     4   Next: 10%
Magic:  4/4        EV: 10    Int:  8    God:    Trog [**....]
Gold:   139        SH:  0    Dex: 10    Spells: 3/3 levels left

rFire   . . .        a - +1 mace
rCold   . . .        (no shield)
rNeg    . . .        b - +0 animal skin
rPois   .            (helmet restricted)
rElec   .            (no cloak)
rCorr   .            (gloves unavailable)
SInv    .            (boots unavailable)
Will    .....        (no amulet)
Stlth   +            (no ring)
HPRegen 0.28/turn    (no ring)
MPRegen 0.09/turn

%: no passive effects
@: lethally poisoned (-1 -> -14)
A: large, unfitting armour, horns 2, tough skin 1, double potion healing,
drunken brawling, claws 1, iridescent scales 1
a: Renounce Religion, Berserk, Trog's Hand


You were on level 3 of the Dungeon.
You worshipped Trog.
Trog was pleased with you.
You visited 1 branch of the dungeon, and saw 3 of its levels.

You collected 139 gold pieces.

Inventory:

Hand Weapons
 a - a +1 mace (weapon)
Armour
 b - a +0 animal skin (worn)
Jewellery
 d - a ring of fire
Scrolls
 c - a scroll of blinking {unknown}
Potions
 f - a potion of might
 g - a potion of haste


   Skills:
 + Level 4.4 Fighting
 * Level 3.6 Maces & Flails
 * Level 1.4 Armour
 - Level 2.6 Dodging
 * Level 1.3 Evocations


You had 3 spell levels left.
You didn't know any spells.
Your spell library was empty.

Dungeon Overview and Level Annotations

Branches:
Dungeon (3/15)

Altars:
Zin

Annotations:
D:3 1 runed translucent door, awry's ghost, amateur MiBe


Innate Abilities, Weirdness & Mutations

You are too large for most types of armour.
You have a pair of horns on your head.
You have tough skin. (AC +1)
You gain doubled healing and magic from potions.
Whenever you drink a healing potion, you attack all around you.
You have sharp fingernails.
You are partially covered in iridescent scales. (AC +2)


Message History

The scorpion is severely wounded.
You feel very sick. The scorpion stings you. The scorpion closely misses you.
You are too injured to fight recklessly!
You are too injured to fight recklessly!
You are too injured to fight recklessly!
You are too injured to fight recklessly!
You are too injured to fight recklessly!
You are too injured to fight recklessly!
You are too injured to fight recklessly!
You are too injured to fight recklessly!
You are too injured to fight recklessly!
You are too injured to fight recklessly!
You are too injured to fight recklessly!
You are too injured to fight recklessly!
You are too injured to fight recklessly!
Unknown command.
You barely miss the scorpion. You headbutt the scorpion.
The scorpion is severely wounded.
You feel sick. The scorpion stings you.
You are more poisoned.
The scorpion poisons you!
You hit the scorpion but do no damage.
The scorpion is severely wounded.
You feel very sick. The scorpion stings you.
* * * LOW HITPOINT WARNING * * *
The scorpion stings you.
* * * LOW HITPOINT WARNING * * *
You are more poisoned.
The scorpion poisons you!
You closely miss the scorpion. Your headbutt misses the scorpion.
The scorpion is severely wounded.
* * * LOW HITPOINT WARNING * * *
You feel very sick. The scorpion barely misses you.
It was a potion of mutation.
You feel extremely strange.
Iridescent scales grow over part of your body.
The horns on your head grow some more.
Your fingernails lengthen.
You die...

... #.# ... #.#
#.#### #.#.#..
#.#.#.# #~~~#
#.#.#s###~[~#
#.#.@...#~~~#
#.#.....#~~r#
#.#.....#~~~#
#.##....#S~~# #
#.......##+##.#...
###........)......
#.#####..##..##
#.#....(.....#
#.#.########.#


You could see a scorpion.

Vanquished Creatures
  3 adders (D:2)
  A dart slug (D:1)
  2 endoplasms (D:2)
  3 giant cockroaches
  2 goblins
  5 hobgoblins
  4 ball pythons
  6 bats
  2 frilled lizards (D:1)
  6 rats
34 creatures vanquished.

Notes
Turn   | Place    | Note
-------+----------+-------------------------------------------
     0 | D:1      | Gadfly the Oni Berserker began the quest for the Orb.
     0 | D:1      | Reached XP level 1. HP: 24/24 MP: 1/1
    20 | D:1      | Found a faded altar of an unknown god.
   149 | D:1      | Reached XP level 2. HP: 26/32 MP: 2/2
   638 | D:2      | Reached skill level 1 in Armour
   638 | D:2      | Reached skill level 1 in Evocations
   638 | D:2      | Reached XP level 3. HP: 29/39 MP: 3/3
   686 | D:2      | Found a glowing silver altar of Zin.
   898 | D:2      | Reached ** piety under Trog
  1236 | D:2      | Reached XP level 4. HP: 49/49 MP: 4/4
  1425 | D:3      | Found a runed translucent door.
  1425 | D:3      | Noticed awry's ghost (amateur MiBe)
  1455 | D:3      | Noticed a scorpion
  1465 | D:3      | HP: 2/49 [poisoned by a scorpion]
  1466 | D:3      | Gained mutation: You are partially covered in iridescent
                  | scales. (AC +2) [potion of mutation]
  1466 | D:3      | Gained mutation: You have a pair of horns on your head.
                  | [potion of mutation]
  1466 | D:3      | Gained mutation: You have sharp fingernails. [potion of
                  | mutation]
  1466 | D:3      | Succumbed to a scorpion's poison

Illustrated notes

Levels and vault maps discovered:
D:1:      dpeg_arrival_windows_large_door, layout_loops_ring,
          basic_ecumenical_altar
D:2:      layout_basic, basic_altar
D:3:      layout_basic, ebering_ghost_sewer_f, uniq_robin

Skill      XL: |  1  2 |
---------------+-------+-----
Armour         | 1 |  1.4
Evocations     | 1 |  1.3
Fighting       | |  4.4
Maces & Flails | |  3.6
Dodging        | |  2.6

Action                     |  1- 3 |  4- 6 || total
---------------------------+-------+-------++-------
  Melee: Mace              |    65 |    19 ||    84
         Headbutt          |     3 |     5 ||     8
    Use: Scroll            |     2 |     2 ||     4
         Potion            |       |     2 ||     2
   Stab: Sleeping          |     1 |       ||     1
 Armour: Animal skin       |    51 |    14 ||    65
  Dodge: Dodged            |    39 |    10 ||    49
